 Dungeon Crawl Stone Soup version 0.24-a0-170-gd8427f5 (console) character file.

Game seed: 14617695687701608371

23 Duffy the Chopper (level 3, -1/32 HPs)
             Began as a Naga Gladiator on Mar 8, 2019.
             Slain by a kobold
             ... wielding a +0 short sword
              (4 damage)
             ... on level 1 of the Dungeon.
             The game lasted 00:00:45 (928 turns).

Duffy the Chopper (Naga Gladiator)                   Turns: 928, Time: 00:00:46

Health: -1/32      AC:  3    Str: 16    XL:     3   Next: 0%
Magic:  12/12      EV: 10    Int:  9    God:
Gold:   11         SH:  0    Dex: 12    Spells: 2/2 levels left

rFire    . . .     SeeInvis +   a - +0 war axe
rCold    . . .     Gourm    .   (no shield)
rNeg     . . .     Faith    .   b - +0 leather armour
rPois    +         Spirit   .   c - +0 helmet
rElec    .         Reflect  .   (no cloak)
rCorr    .         Harm     .   (no gloves)
MR       .....                  (no barding)
Stlth    +.........             (no amulet)
HPRegen  0.10/turn              e - ring of magical power
MPRegen  0.13/turn              (no ring)

@: very slow
A: large, see invisible, deformed body, poison resistance, slowness 2, slow
metabolism 1, spit poison 1, AC +1
a: Spit Poison


You were on level 1 of the Dungeon.
You were not hungry.

You visited 1 branch of the dungeon, and saw 1 of its levels.

You collected 11 gold pieces.

Inventory:

Hand Weapons
 a - a +0 war axe (weapon)
Missiles
 d - 3 throwing nets (quivered)
Armour
 b - a +0 leather armour (worn)
 c - a +0 helmet (worn)
Jewellery
 e - a ring of magical power (left hand)
Scrolls
 h - a scroll of noise {unknown}
 i - a scroll of blinking {unknown}
 j - a scroll of remove curse {unknown}
Comestibles
 f - a ration
 g - a chunk of flesh


   Skills:
 - Level 2.0 Fighting
 + Level 4.1 Axes
 - Level 1.7 Throwing
 - Level 2.4 Dodging


You had 2 spell levels left.
You didn't know any spells.
Your spell library was empty.

Dungeon Overview and Level Annotations

Branches:
Dungeon (1/15)

Altars:


Innate Abilities, Weirdness & Mutations

You cannot wear boots.
Your serpentine skin is tough. (AC +1)
You have supernaturally acute eyesight. (SInv)
Armour fits poorly on your strangely shaped body.
Your system is resistant to poisons. (rPois)
You cover ground very slowly.
You have a slow metabolism.
You can spit poison.


Message History

You closely miss the kobold. You barely miss the bat.
The bat barely misses you. The bat hits you but does no damage.
The kobold barely misses you. The bat hits you but does no damage.
Things that are here:
a +0 club; a goblin corpse; a kobold corpse The bat barely misses you.
The kobold barely misses you.
You closely miss the kobold. You slash the bat!
You kill the bat!
You have reached level 3!
Your experience leads to an increase in your attributes!
Increase (S)trength, (I)ntelligence, or (D)exterity?
You feel clever.
Your skin feels tougher.
The kobold hits you with a +0 short sword.
A kobold is nearby!
You closely miss the kobold.
The kobold hits you with a +0 short sword.
You hit the kobold but do no damage. The kobold closely misses you.
The kobold hits you with a +0 short sword.
You die...

>.. ... # #.# #.###.#
......## #.
#...########## #.#
#.((........# #.#
##K#########.# #.#
#.@# #.# #.# ##%#
######.# #.# #.#
#...)..####.## ..#
#.##.......... .##
#.##..###...## .#
#....#..##..##
#.#######.##.##.#.....
..........##.##.....##
#########.#...####..#


You could see a kobold.

Vanquished Creatures
  2 bats (D:1)
  2 giant cockroaches (D:1)
  3 goblins (D:1)
  4 jackals (D:1)
  A ball python (D:1)
  A frilled lizard (D:1)
  5 kobolds (D:1)
  6 rats (D:1)
24 creatures vanquished.

Notes
Turn   | Place    | Note
-------+----------+-------------------------------------------
     0 | D:1      | Duffy the Naga Gladiator began the quest for the Orb.
     0 | D:1      | Reached XP level 1. HP: 19/19 MP: 1/1
     3 | D:1      | Noticed an anaconda
   196 | D:1      | Reached XP level 2. HP: 22/26 MP: 2/2
   781 | D:1      | Reached skill level 4 in Axes
   926 | D:1      | Reached XP level 3. HP: 10/32 MP: 3/3
   928 | D:1      | Slain by a kobold

Levels and vault maps discovered:
D:1:      sevenhm_arrival_forest_fort_small_2, layout_loops_ring,
          corexii_leaking_fountain, minmay_misc_feat_square, minmay_heptomino_d4

Skill      XL: |  1  2 |
---------------+-------+-----
Axes           | 4 |  4.1
Fighting       | |  2.0
Throwing       | |  1.7
Dodging        | |  2.4

Action                   || total
-------------------------++-------
Melee: War axe           ||    68
Armor: Leather armour    ||    18
Dodge: Dodged            ||    56

Table legend:
 A = Non-vault XP
 B = Vault XP
 C = Vault XP percentage of total XP
 D = Non-vault monster count
 E = Vault monster count
 F = Vault count percentage of total count
                 A         B        C        D         E       F
            +---------+---------+-------+---------+---------+-------
      Total |      31 |       3 |   8.8 |      22 |       2 |   8.3
            +---------+---------+-------+---------+---------+-------
        D:1 |      31 |       3 |   8.8 |      22 |       2 |   8.3
            +---------+---------+-------+---------+---------+-------
